cohdb
Replays
Latest Replays
All Replays
Popular Replays
Top Player Replays
Match Explorer
How It Works
Community
CoH3 Stats
Reddit
Sign in to upload your games and track your stats! →
Sign in with Steam
Match 39212738
Unlisted
Match 39212738
Overview
Messages
Build Orders
End
Selects Armored Battlegroup
Selects Assault Engineers
Assault Engineer Squad
Construct Barracks
Riflemen Squad
Riflemen Squad
Construct Medical Station
Air Support Center
Assault Engineer Squad
Grasshopper Recon Run
Assault Engineer Squad
Grenade Package
M1918 Browning Automatic Rifles
Riflemen Squad
Selects Strength in Steel
Grasshopper Recon Run
P-47 Dive Bomb
Construct Tank Depot
Grasshopper Recon Run
P-47 Strafing Run
Selects M8 Scott SPG
Selects Seek and Destroy
M18 Hellcat Tank Destroyer
P-47 Strafing Run
Grasshopper Recon Run
Riflemen Squad
M18 Hellcat Tank Destroyer
P-47 Dive Bomb
Grasshopper Recon Run
Selects UNKNOWN (2160077)
Riflemen Squad
Grasshopper Recon Run
P-47 Dive Bomb
M4A3E8 Sherman Easy Eight
Grasshopper Recon Run
Assault Engineer Squad
Grasshopper Recon Run
M18 Hellcat Tank Destroyer
Riflemen Squad
Grasshopper Recon Run
P-47 Dive Bomb
M18 Hellcat Tank Destroyer
Assault Engineer Squad
Grasshopper Recon Run
P-47 Strafing Run
M18 Hellcat Tank Destroyer
Selects M31 Recovery Vehicle
Selects War Machine
M31 Recovery Vehicle
Grasshopper Recon Run
P-47 Strafing Run
Grasshopper Recon Run
M18 Hellcat Tank Destroyer
Juice100
Default
BigTiddyLebron
kreumat
0
0
Comments
sign in to comment!
No comments posted yet!